 Dungeon Crawl Stone Soup version 0.18-a0-1542-g9c1a92e (webtiles) character file.

111 varam the Sneak (level 4, 0/21 HPs)
             Began as a Spriggan Enchanter on Feb 15, 2016.
             Slain by a worm (8 damage)
             ... on level 3 of the Dungeon on Mar 10, 2016.
             The game lasted 00:10:03 (2099 turns).

varam the Sneak (Spriggan Enchanter)                Turns: 2099, Time: 00:10:04

Health: 0/21       AC:  8    Str:  4    XL:     4   Next: 62%
Magic:  9/9        EV: 15    Int: 16    God:
Gold:   27         SH:  0    Dex: 17    Spells: 3 memorised, 2 levels left

rFire  . . .     SeeInvis +     i - +1 short sword (protect)
rCold  . . .     Gourm    .     b - +1 robe
rNeg   . . .     Faith    .     (shield restricted)
rPois  .         Spirit   .     (helmet restricted)
rElec  .         Dismiss  .     (no cloak)
rCorr  .         Reflect  .     (gloves unavailable)
SustAt .         Harm     .     (boots unavailable)
MR     .....                    l - amulet of regeneration
Stlth  ++........               (no ring)
                                (no ring)

@: very heavily drained, very quick, not resistant to hostile enchantments,
unstealthy
A: unfitting armour, see invisible, herbivore 3, speed 3, slow metabolism 2
a: no special abilities


You were on level 3 of the Dungeon.
You were not hungry.

You visited 1 branch of the dungeon, and saw 3 of its levels.

You collected 27 gold pieces.

Inventory:

Hand Weapons
 a - a +1 dagger
 i - a +1 short sword of protection (weapon)
Armour
 b - a +1 robe (worn)
 q - a +2 robe of fire resistance
Jewellery
 k - an uncursed amulet of magic regeneration
 l - an amulet of regeneration (around neck)
 r - an uncursed ring of positive energy {unknown}
Scrolls
 g - 2 scrolls of identify {unknown}
 h - 4 scrolls of teleportation {unknown}
 j - a scroll of recharging {unknown}
Potions
 e - a potion of degeneration {unknown}
 f - 3 potions of curing {unknown}
 m - a potion of heal wounds {unknown}
 n - a potion of might {unknown}
 o - 2 potions of ambrosia {unknown}
 p - a potion of brilliance {unknown}
Books
 c - a book of Maledictions

   Spells                             Type                      Level
   a - Corona                         Hexes                        1
   b - Ensorcelled Hibernation        Hexes/Ice                    2
   c - Confuse                        Hexes                        3
   d - Tukima's Dance                 Hexes                        3
   e - Dazzling Spray                 Conjuration/Hexes            3
Comestibles
 d - a bread ration


   Skills:
 + Level 3.7(0.0) Short Blades
 - Level 3.0(0.0) Dodging
 + Level 6.5(1.1) Stealth
 - Level 2.6(0.0) Spellcasting
 - Level 3.6(0.0) Hexes


You had 2 spell levels left.
You knew the following spells:

 Your Spells              Type           Power        Failure   Level  Hunger
a - Ensorcelled Hibernat  Hex/Ice        #.....       38%         2    ###....
b - Corona                Hex            #......      24%         1    ##.....
c - Confuse               Hex            #.......     77%         3    ####...


Dungeon Overview and Level Annotations

Branches:
Dungeon (3/15)

Altars:


Innate Abilities, Weirdness & Mutations

You are tiny and cannot use many weapons and most armour.
You have supernaturally acute eyesight.
You are a herbivore.
You cover ground extremely quickly.
You need consume almost no food.


Message History

The goblin closely misses you. The kobold hits you but does no damage.
The worm bites you but does no damage. The goblin hits you.
The kobold hits you but does no damage. The goblin closely misses you.
The kobold closely misses you. The worm barely misses you.
The goblin hits you but does no damage. The kobold hits you but does no damage.
The goblin barely misses you. The kobold hits you but does no damage.
The worm bites you. The goblin closely misses you.
The kobold hits you but does no damage. The worm completely misses you.
The goblin hits you. The kobold misses you. The goblin closely misses you.
The kobold hits you with a short sword of protection.
* * * LOW HITPOINT WARNING * * *
The worm barely misses you. The goblin closely misses you.
The kobold closely misses you. The goblin closely misses you.
The kobold hits you but does no damage. The worm barely misses you.
The goblin misses you. The kobold closely misses you. The worm bites you!
You die...

## #.. #...
#...###+###
#.........#
#.....>...#
#..K@g.[#
#..w....#
#####'###
#.#
#.#######
#.......#
#######.#
#.# #.#


You could see a worm, a goblin and a kobold.

Vanquished Creatures
  Jessica (D:2)
  Robin (D:2)
  An adder (D:2)
  A worm (D:2)
  A giant gecko (D:1)
  6 bats
  4 giant cockroaches
  13 goblins
  8 hobgoblins
  4 jackals (D:1)
  7 kobolds
  A quokka (D:2)
  6 rats (D:1)
54 creatures vanquished.

Notes
Turn   | Place    | Note
--------------------------------------------------------------
     0 | D:1      | varam the Spriggan Enchanter began the quest for the Orb.
     0 | D:1      | Reached XP level 1. HP: 9/9 MP: 5/5
    88 | D:1      | Reached skill level 5 in Stealth
    88 | D:1      | Reached XP level 2. HP: 13/13 MP: 3/6
    96 | D:1      | Learned a level 2 spell: Ensorcelled Hibernation
   990 | D:1      | Reached XP level 3. HP: 16/16 MP: 5/8
  1149 | D:1      | Learned a level 3 spell: Confuse
  1370 | D:2      | Noticed Jessica
  1572 | D:2      | Noticed Robin
  1803 | D:2      | Killed Jessica
  1803 | D:2      | Reached skill level 6 in Stealth
  1803 | D:2      | Reached XP level 4. HP: 18/21 MP: 7/9
  2023 | D:2      | Killed Robin
  2035 | D:2      | Upgraded the game from 0.18-a0-1323-g706dcef to 0.18-a0-1542-g9c1a92e
  2099 | D:3      | Slain by a worm

Vault maps used:
D:1:      eino_arrival_cavern_b
D:2:      kennysheep_jessica_study, uniq_jessica, uniq_robin, uniq_natasha
D:3:      first_bread, ecumenical_altar_1

Skill      XL: |  1  2  3 |
---------------+----------+-----
Stealth        | 5 6 |  6.5
Short Blades   | |  3.7
Dodging        | |  3.0
Spellcasting   | |  2.6
Hexes          | |  3.6

Action                   |  1- 3 |  4- 6 || total
-------------------------+-------+-------++-------
Melee: Dagger            |   120 |       ||   120
       Short sword       |    49 |    61 ||   110
 Cast: Corona            |    32 |     8 ||    40
       Confuse           |       |     1 ||     1
 Stab: Sleeping          |     8 |     1 ||     9
